 Dungeon Crawl Stone Soup version 0.21.2 (webtiles) character file.

368 Giltor the Sneak (level 6, -1/30 HPs)
             Began as a Spriggan Enchanter on Jan 11, 2019.
             Killed by divine providence
             ... invoked by an orc priest
              (14 damage)
             ... on level 4 of the Dungeon.
             The game lasted 00:47:57 (3573 turns).

Giltor the Sneak (Spriggan Enchanter)               Turns: 3573, Time: 00:47:57

Health: -1/30      AC:  4    Str:  6    XL:     6   Next: 41%
Magic:  3/11       EV: 18    Int: 16    God:
Gold:   194        SH:  0    Dex: 17    Spells: 2/11 levels left

rFire    . . .     SeeInvis +   a - +1 dagger
rCold    . . .     Gourm    .   (shield restricted)
rNeg     . . .     Faith    .   b - +0 robe
rPois    .         Spirit   .   (helmet restricted)
rElec    .         Reflect  .   h - +1 cloak
rCorr    .         Harm     .   (gloves unavailable)
MR       +....     Clarity  +   (boots unavailable)
Stlth    ++++......             (no amulet)
HPRegen  0.10/turn              (no ring)
MPRegen  0.12/turn              (no ring)

@: very quick
A: very small, unfitting armour, see invisible, clarity, herbivore, speed 3,
slow metabolism 2, subdued magic 1
a: no special abilities


You were on level 4 of the Dungeon.
You were hungry.

You visited 1 branch of the dungeon, and saw 4 of its levels.

You collected 194 gold pieces.

Inventory:

Hand Weapons
 a - a +1 dagger (weapon)
 m - a +1 vampiric long sword
Missiles
 e - 2 poisoned tomahawks (quivered)
 p - 15 poisoned needles
Armour
 b - a +0 robe (worn)
 h - a +1 cloak (worn)
Jewellery
 n - an uncursed amulet of guardian spirit
Scrolls
 f - a scroll of magic mapping
 g - a scroll of enchant weapon
 j - a scroll of blinking
 l - a scroll of amnesia
 o - 2 scrolls of teleportation
Potions
 i - a potion of brilliance
 k - a potion of degeneration
Books
 c - a book of Maledictions

   Spells                             Type                      Level
   a - Corona                         Hexes                        1
   b - Ensorcelled Hibernation        Hexes/Ice                    2
   c - Confuse                        Hexes                        3
   d - Tukima's Dance                 Hexes                        3
   e - Dazzling Spray                 Conjuration/Hexes            3
Comestibles
 d - 2 rations


   Skills:
 - Level 1.0 Fighting
 * Level 3.7 Short Blades
 - Level 1.9 Throwing
 - Level 3.0 Dodging
 - Level 7.4 Stealth
 - Level 3.0 Spellcasting
 - Level 5.0 Hexes


You had 2 spell levels left.
You knew the following spells:

 Your Spells              Type           Power        Failure   Level  Hunger
a - Corona                Hex            ##.....      1%          1    #......
b - Ensorcelled Hibernat  Hex/Ice        #.....       8%          2    ##.....
c - Confuse               Hex            ##......     5%          3    ###....
d - Tukima's Dance        Hex            ##......     5%          3    ###....


Dungeon Overview and Level Annotations

Branches:
Dungeon (4/15)
 Temple: D:4-7

Altars:
Xom


Innate Abilities, Weirdness & Mutations

You are very small and have problems with some larger weapons.
You are too small for most types of armour.
You have supernaturally acute eyesight. (SInv)
You are a herbivore.
You cover ground extremely quickly.
You need consume almost no food.
You possess an exceptional clarity of mind.
Your spells are a little easier to cast, but a little less powerful.


Message History

You catch the helpless howler monkey completely off-guard!
You impale the howler monkey!!
You kill the howler monkey!
The ball python closely misses the giant cockroach.
A rat comes into view.
The ball python closely misses the giant cockroach.
The orc priest calls down the wrath of Beogh upon you.
Beogh smites you!
Throwing (i - inventory):
e - 3 poisoned tomahawks (quivered)
Press: ? - help, Shift-Dir - straight line, f - orc priest
Aim: an orc priest, wielding a falchion You throw a poisoned tomahawk.
The poisoned tomahawk hits the orc priest.
The orc priest is poisoned.
The orc priest is heavily wounded.
The giant cockroach barely misses you.
A worker ant comes into view.
The orc priest invokes the aid of Beogh against you.
Beogh smites you!
You die...

*,,,,,,,* #...#,,,,,,,,,,*
*,,,,,,,* #...#,*,****,*,*
*,,,,,,,* ##...#,,,* *,,,**
*,,...,,* ##.<..+########**+***
*,,...,,* #...............),,,>
*,,....,* #†#....#######...,,,,
*.....S.* #.#....######...,,,,,
*.......#####†##..........#*,****
,,..............@s##..S..#*#.*
*###.####.........S......#,.,*
##.....##.......###s##>###.#*****
#.......#....r.## #..†.....#*,,,,
#.......#..a.(o# ####.##..#*,,,,
...._.........## #.....##.,,,
#.......#.....# ##..#.....,,,
#.....s.#.....# #hS.......,,,
##.....##..o..### #.s.....).,,,


You could see a worker ant, an orc priest, an adder, 2 giant cockroaches and a
rat.

Vanquished Creatures
  2 howler monkeys (D:4)
  An orc priest (D:4)
  An iguana (D:3)
  Natasha (thrice) (D:2)
  Robin (D:2)
  5 adders
  6 worms
  7 orcs (D:3)
  7 giant cockroaches
  14 goblins
  6 hobgoblins
  7 jackals
  3 quokkas
  12 bats
  3 frilled lizards
  5 kobolds
  6 rats
  A plant (D:1)
90 creatures vanquished.

Vanquished Creatures (others)
  A dancing weapon (D:2)
1 creature vanquished.

Grand Total: 91 creatures vanquished

Notes
Turn   | Place    | Note
-------+----------+-------------------------------------------
     0 | D:1      | Giltor the Spriggan Enchanter began the quest for the Orb.
     0 | D:1      | Reached XP level 1. HP: 9/9 MP: 5/5
   190 | D:1      | Reached skill level 1 in Fighting
   234 | D:1      | Reached XP level 2. HP: 14/14 MP: 6/6
   254 | D:1      | Learned a level 2 spell: Ensorcelled Hibernation
   269 | D:1      | Reached skill level 5 in Stealth
  1300 | D:2      | Gained mutation: Your spells are a little easier to cast, but a little less powerful. [potion of mutation]
  1300 | D:2      | Gained mutation: You possess an exceptional clarity of mind. [potion of mutation]
  1312 | D:2      | Reached XP level 3. HP: 18/18 MP: 3/8
  1441 | D:2      | Learned a level 3 spell: Confuse
  1533 | D:2      | Noticed Natasha
  1574 | D:2      | Killed Natasha
  1574 | D:2      | Reached skill level 6 in Stealth
  1574 | D:2      | Reached XP level 4. HP: 22/22 MP: 1/9
  1583 | D:2      | Learned a level 3 spell: Tukima's Dance
  1656 | D:2      | Noticed Robin
  1920 | D:2      | Killed Robin
  2001 | D:2      | Noticed Natasha
  2013 | D:2      | Killed Natasha
  2013 | D:2      | Reached skill level 7 in Stealth
  2036 | D:2      | Reached XP level 5. HP: 25/25 MP: 2/10
  2163 | D:2      | Noticed Natasha
  2170 | D:2      | Killed Natasha
  2826 | D:3      | Reached skill level 5 in Hexes
  3009 | D:3      | Reached skill level 1 in Throwing
  3476 | D:4      | Reached XP level 6. HP: 27/30 MP: 8/11
  3488 | D:4      | Found a shimmering altar of Xom.
  3573 | D:4      | Killed from afar by an orc priest

Skill      XL: |  1  2  3  4  5  6 |
---------------+-------------------+-----
Fighting       | 1 |  1.0
Stealth        | 5 6 7 |  7.4
Hexes          | 4 5 |  5.0
Spellcasting   | 3 |  3.0
Short Blades   | 2 3 |  3.7
Throwing       | 1 |  1.9
Dodging        | |  3.0

Action                   |  1- 3 |  4- 6 || total
-------------------------+-------+-------++-------
Melee: Dagger            |   286 |   231 ||   517
Throw: Tomahawk          |       |    29 ||    29
 Cast: Corona            |     3 |       ||     3
       Ensorcelled Hiber |    11 |       ||    11
       Confuse           |     4 |    31 ||    35
       Tukima's Dance    |       |     5 ||     5
  Use: Scroll            |     5 |     6 ||    11
       Potion            |     3 |     1 ||     4
 Stab: Sleeping          |     7 |     4 ||    11
       Confused          |     3 |    13 ||    16
  Eat: Ration            |       |     3 ||     3
Armor: Robe              |    21 |    23 ||    44
Dodge: Dodged            |   100 |   158 ||   258
